 Dungeon Crawl Stone Soup version 0.29.1-2-gbd0b4ee654 (webtiles) character file.

Game seed: 7950974317043059050

259 kyanize the Cudgeller (level 5, 0/47 HPs)
             Began as a Minotaur Berserker on Nov 14, 2022.
             Was a Believer of Trog.
             Succumbed to a scorpion's poison
             ... on level 4 of the Dungeon.
             The game lasted 00:14:10 (3064 turns).

kyanize the Cudgeller (Minotaur Berserker)          Turns: 3064, Time: 00:14:11

Health: 0/47       AC:  7    Str: 23    XL:     5   Next: 95%
Magic:  4/4        EV: 25    Int: 16    God:    Trog [**....]
Gold:   178        SH:  0    Dex: 10    Spells: 4/4 levels left

rFire   . . .      SeeInvis .   a - +0 mace
rCold   . . .      Faith    .   (no shield)
rNeg    . . .      Spirit   .   v - +1 scale mail
rPois   .          Reflect  .   (helmet restricted)
rElec   .          Harm     .   (no cloak)
rCorr   .          Rampage  .   (no gloves)
Will    .....                   (no boots)
Stlth   ..........              n - amulet of the acrobat
HPRegen 0.15/turn               g - +6 ring of intelligence
MPRegen 0.09/turn               u - +6 ring of intelligence

@: lethally poisoned (0 -> -1), about to teleport, acrobatic
A: horns 2, retaliatory headbutt
a: Renounce Religion, Berserk, Trog's Hand


You were on level 4 of the Dungeon.
You worshipped Trog.
Trog was pleased with you.
You visited 1 branch of the dungeon, and saw 4 of its levels.

You collected 178 gold pieces.

Inventory:

Hand Weapons
 a - a +0 mace (weapon)
 h - a +0 sling
 q - a +0 whip of venom
Missiles
 c - 36 stones (quivered)
 f - a throwing net
 m - 9 poisoned darts
Armour
 v - a +1 scale mail (worn)
Jewellery
 g - a +6 ring of intelligence (left hand)
 n - an amulet of the acrobat (around neck)
 u - a +6 ring of intelligence (right hand)
Wands
 t - a wand of light (9)
Scrolls
 l - 2 scrolls of teleportation
 r - a scroll of amnesia
Potions
 b - 3 potions of magic
 d - a potion of curing
 e - a potion of resistance
 j - a potion of attraction
 k - 2 potions of lignification
 o - a potion of cancellation
 p - a potion of mutation
 s - 2 potions of brilliance {unknown}
 x - a potion of degeneration {unknown}


   Skills:
 + Level 4.9 Fighting
 + Level 6.1 Maces & Flails
 + Level 3.6 Armour
 + Level 3.1 Dodging
 + Level 0.6 Stealth


You had 4 spell levels left.
You didn't know any spells.
Your spell library contained the following spells:

 Spells                   Type           Power      Damage    Failure   Level
 Frozen Ramparts          Ice            0%         1d1       88%         3
 Ice Form                 Ice/Tmut       0%         N/A       99%         4
 Summon Ice Beast         Ice/Summ       0%         N/A       99%         4


Dungeon Overview and Level Annotations

Branches:
Dungeon (4/15)
 Temple: D:4-7

Altars:
Cheibriados

Shops:
D:3 :


Innate Abilities, Weirdness & Mutations

You have a pair of horns on your head.
You reflexively headbutt those who attack you in melee.


Message History

The scorpion barely misses you. You furiously retaliate!
You headbutt the scorpion!
You kill the scorpion!
Trog accepts your kill. The ice beast closely misses you.
The orc priest calls down the wrath of Beogh upon you.
Beogh smites you!
Your Maces & Flails skill increases to level 6!
You hit the ice beast but do no damage.
The ice beast is moderately wounded.
You feel the effects of Trog's Hand fading.
You feel very sick.
The ice beast hits you but does no damage.
You feel much better.
You feel sick. The ice beast barely misses you. You furiously retaliate!
You headbutt the ice beast. The orc hits you with a +0 morningstar.
The orc hits you with a +0 morningstar!
You hit the orc but do no damage. Your headbutt misses the orc.
You feel sick. The orc barely misses you. The orc hits you but does no damage.
The ice beast hits you. The ice beast freezes you!
You sock the orc!
You kill the orc!
Trog accepts your kill.
You feel sick. The ice beast hits you. The ice beast freezes you.
The orc hits you but does no damage.
Okay, then.
As you read the scroll of teleportation, it crumbles to dust.
You feel strangely unstable.
You feel sick. The orc hits you with a +0 morningstar.
* * * LOW HITPOINT WARNING * * *
The ice beast misses you. You furiously retaliate!
You headbutt the ice beast, but do no damage.
The orc priest calls down the wrath of Beogh upon you.
Beogh smites you!
* * * LOW HITPOINT WARNING * * *
The ice beast attacks as you move away!
The ice beast hits you but does no damage.
Your skin stops crawling.
You feel less strong-willed.
* * * LOW HITPOINT WARNING * * *
You feel sick. The orc completely misses you.
You die...

#..≈§≈≈§≈§
...≈.......≈.#
#..≈..≈≈≈≈§≈.#
#.o§.≈...≈§≈.###
#....≈._.≈.§...
.#####.o≈.≈...≈.≈.#
......oY≈.≈≈≈≈≈.≈.#
##.####.≈.......≈.#
##@≈≈≈≈≈≈§≈≈.###
#.........)....###
.............##.......#
##.#######..#########.##
#.## #... #.# #.## #.#
#.# #.# #.# #.# #.#


You could see an ice beast, 2 orc priests and an orc.

Vanquished Creatures
  2 scorpions (D:4)
  2 orc priests (D:3)
  An adder (D:3)
  3 dart slugs
  5 orcs
  5 ball pythons
  6 bats
  2 endoplasms
  2 giant cockroaches
  7 goblins
  4 hobgoblins
  8 jackals (D:1)
  2 quokkas
  6 frilled lizards
  7 kobolds
  3 rats
65 creatures vanquished.

Notes
Turn   | Place    | Note
-------+----------+-------------------------------------------
     0 | D:1      | kyanize the Minotaur Berserker began the quest for the Orb.
     0 | D:1      | Reached XP level 1. HP: 19/19 MP: 0/0
    41 | D:1      | Reached XP level 2. HP: 9/27 MP: 1/1
    44 | D:1      | HP: 1/40 [kobold/+0 dagger (4)]
   374 | D:1      | Reached skill level 4 in Maces & Flails
   988 | D:1      | Reached XP level 3. HP: 33/33 MP: 2/2
  1004 | D:1      | Reached ** piety under Trog
  1595 | D:2      | Found a faded altar of an unknown god.
  2318 | D:3      | Reached skill level 5 in Maces & Flails
  2318 | D:3      | Reached XP level 4. HP: 31/41 MP: 3/3
  2679 | D:3      | Found Raiqurraep's Book Shoppe.
  2938 | D:4      | Noticed a scorpion
  2953 | D:4      | Killed a scorpion
  2954 | D:4      | Reached XP level 5. HP: 42/47 MP: 4/4
  3027 | D:4      | Found a snail-covered altar of Cheibriados.
  3032 | D:4      | Noticed an ice beast
  3058 | D:4      | Reached skill level 6 in Maces & Flails
  3062 | D:4      | HP: 2/47 [orc priest/divine providence (12)]
  3064 | D:4      | Succumbed to a scorpion's poison

Illustrated notes

Levels and vault maps discovered:
D:1:      scummos_arrival_gate, layout_loops_ring, minmay_misc_feat_chi
D:2:      layout_basic, hellmonk_ecumenical_altar_pennies_from_heaven,
          kennysheep_small_spiral, minivault_19, hangedman_decor_growths,
          minivault_14, minmay_tiny_reverse_x
D:3:      layout_rooms, serial_shops, nicolae_shop_crystal
D:4:      minmay_chambers_of_threes, layout_loops_corners,
          mainiacjoe_overflow_concentric_impassable, uniq_menkaure, uniq_natasha

Skill      XL: |  1  2  3  4  5 |
---------------+----------------+-----
Fighting       | 4 |  4.9
Maces & Flails | 4 5 6 |  6.1
Armour         | 3 |  3.6
Dodging        | 3 |  3.1
Stealth        | |  0.6

Action                   |  1- 3 |  4- 6 || total
-------------------------+-------+-------++-------
Melee: Mace              |    93 |    41 ||   134
       Headbutt          |     8 |     5 ||    13
Invok: Berserk           |     1 |       ||     1
       Trog's Hand       |     1 |     2 ||     3
  Use: Scroll            |    13 |     7 ||    20
       Potion            |       |     1 ||     1
Armor: Animal skin       |    17 |       ||    17
       Ring mail         |    10 |     1 ||    11
       Scale mail        |       |    13 ||    13
Dodge: Dodged            |    59 |    31 ||    90
